 Dungeon Crawl Stone Soup version 0.28.0-45-g0d030f2227 (webtiles) character file.

Game seed: 7260558242970375333

239622 Elsvaer the Eclecticist (level 19, -8/108 HPs)
             Began as a Deep Elf Earth Elementalist on Apr 7, 2022.
             Was the Champion of Vehumet.
             Killed from afar by a crystal guardian (15 damage)
             ... with a crystal bolt
             ... led by a peacekeeper
             ... on level 3 of the Vaults on Apr 8, 2022.
             The game lasted 01:41:00 (59965 turns).

Elsvaer the Eclecticist (DEEE)                     Turns: 59965, Time: 01:41:01

Health: -8/108     AC: 18    Str:  5      XL:     19   Next: 2%
Magic:  20/41      EV: 16    Int: 32      God:    Vehumet [******]
Gold:   2355       SH:  6    Dex: 14 (15) Spells: 11/59 levels left

rFire   + . .      SeeInvis +   g - staff of earth
rCold   + . .      Faith    .   P - +1 buckler {rC+}
rNeg    + + +      Spirit   .   o - +1 steam dragon scales
rPois   .          Reflect  .   W - +2 helmet
rElec   +          Harm     .   D - +1 cloak
rCorr   .          Rampage  .   Y - +1 pair of gloves of Servitude {rElec rN+ Int+3}
Will    +....      Clarity  +   K - +2 pair of boots
Stlth   ++........              B - amulet "Qaocusu" {RegenMP Drain rN+ Slay+5}
HPRegen 0.28/turn               h - ring "Okipnega" {rF+ rN+}
MPRegen 0.67/turn               k - ring of see invisible

@: no status effects
A: iridescent scales 1, clarity, deterioration 1, low MP 1
}: 1/15 runes: serpentine
a: Renounce Religion


You were on level 3 of the Vaults.
You worshipped Vehumet.
Vehumet was exalted by your worship.
You visited 7 branches of the dungeon, and saw 32 of its levels.
You also visited: Ossuary and Ice Cave.

You collected 2958 gold pieces.
You spent 603 gold pieces at shops.

Inventory:

Missiles
 v - 192 stones
Armour
 o - +1 steam dragon scales (worn)
 y - a +2 robe of willpower
 D - a +1 cloak (worn)
 E - a +2 robe of cold resistance
 K - a +2 pair of boots (worn)
 M - a +2 kite shield of reflection
 P - a +1 buckler of cold resistance (worn)
 W - a +2 helmet (worn)
 Y - the +1 pair of gloves of Servitude (worn) {rElec rN+ Int+3}
   (You acquired it on level 14 of the Dungeon)

   Int:       It affects your intelligence (+3).
   rElec:     It insulates you from electricity.
   rN:        It protects you from negative energy.
Magical Staves
 g - a staff of earth (weapon)
Jewellery
 f - a +6 ring of dexterity
 h - the ring "Okipnega" (left hand) {rF+ rN+}
   (You found it on level 2 of the Dungeon)

   [ring of positive energy]

   rF:        It protects you from fire.
   rN:        It protects you from negative energy.
 k - a ring of see invisible (right hand)
 p - a ring of protection from fire
 t - a ring of poison resistance
 A - a ring of ice
 B - the amulet "Qaocusu" (around neck) {RegenMP Drain rN+ Slay+5}
   (You found it on level 6 of the Dungeon)

   [amulet of magic regeneration]

   It increases your rate of magic regeneration.
   Slay:      It affects your accuracy & damage with ranged weapons and melee
   (+5).
   rN:        It protects you from negative energy.
   Drain:     It drains your maximum health when unequipped.
 C - an amulet of regeneration
 H - a ring of resist corrosion
 L - a ring of fire
 S - the ring of Solyd {rElec rN+ Will+ rCorr Slay-5}
   (You found it on level 2 of the Vaults)

   [ring of positive energy]

   Slay:      It affects your accuracy & damage with ranged weapons and melee
   (-5).
   rElec:     It insulates you from electricity.
   rN:        It protects you from negative energy.
   rCorr:     It protects you from acid and corrosion.
   Will:      It increases your willpower.
Wands
 b - a wand of flame (34)
 i - a wand of digging (24)
 j - a wand of acid (8)
 x - a wand of paralysis (37)
 F - a wand of polymorph (4)
 N - a wand of iceblast (10)
 T - a wand of charming (6)
Scrolls
 a - a scroll of amnesia
 c - 7 scrolls of magic mapping
 e - 4 scrolls of vulnerability
 m - 10 scrolls of immolation
 n - 2 scrolls of silence
 G - 2 scrolls of brand weapon
 I - 33 scrolls of identify
 O - 2 scrolls of blinking
 Q - 3 scrolls of enchant weapon
 U - 2 scrolls of teleportation
Potions
 d - 4 potions of might
 l - a potion of berserk rage
 q - 9 potions of brilliance
 r - 5 potions of haste
 s - 2 potions of lignification
 u - 6 potions of mutation
 w - a potion of magic
 z - 7 potions of flight
 R - a potion of curing
 Z - 3 potions of cancellation
Miscellaneous
 J - a phantom mirror
 X - a lightning rod (4/4)


   Skills:
 + Level 8.4 Fighting
 - Level 10.0 Dodging
 - Level 2.4 Stealth
 + Level 6.0 Shields
 + Level 20.5 Spellcasting
 + Level 17.6 Conjurations
 - Level 1.1 Transmutations
 + Level 16.4 Fire Magic
 + Level 9.4 Ice Magic
 - Level 6.8 Air Magic
 + Level 16.0 Earth Magic


You had 11 spell levels left.
You knew the following spells:

 Your Spells              Type           Power      Damage    Failure   Level
a - Sandblast             Erth           100%       2d20      0%          1
b - Stone Arrow           Conj/Erth      100%       3d13      0%          3
c - Lightning Bolt        Conj/Air       42%        1d61      1%          5
d - Fireball              Conj/Fire      48%        3d19      1%          5
e - Orb of Destruction    Conj           49%        9d13      1%          7
f - Ozocubu's Refrigerat  Ice            37%        4d12      7%          7
g - Starburst             Conj/Fire      48%        6d13      1%          6
h - Lehudib's Crystal Sp  Conj/Erth      59%        10d14     2%          8
i - Iron Shot             Conj/Erth      59%        9d11      1%          6

Your spell library contained the following spells:

 Spells                   Type           Power      Damage    Failure   Level
 Magic Dart               Conj           100%       1d8       0%          1
 Scorch                   Fire           100%       2d10      0%          2
 Searing Ray              Conj           100%       2d8       0%          2
 Static Discharge         Conj/Air       84%        N/A       0%          2
 Flame Wave               Conj/Fire      96%        2d16      0%          4
 Animate Skeleton         Necr           64%        N/A       1%          1
 Pain                     Necr           100%       1d9       1%          1
 Summon Small Mammal      Summ           100%       N/A       1%          1
 Blink                    Tloc           64%        N/A       1%          2
 Ensorcelled Hibernation  Hex/Ice        100%       N/A       1%          2
 Passwall                 Tmut/Erth      77%        N/A       1%          2
 Sublimation of Blood     Necr           32%        N/A       1%          2
 Wereblood                Tmut           39%        N/A       1%          2
 Frozen Ramparts          Ice            100%       1d12      1%          3
 Ozocubu's Armour         Ice            75%        N/A       1%          3
 Animate Armour           Summ/Erth      100%       N/A       1%          4
 Fulminant Prism          Conj/Hex       36%        3d18      1%          4
 Ice Form                 Ice/Tmut       61%        N/A       1%          4
 Petrify                  Tmut/Erth      93%        N/A       1%          4
 Summon Ice Beast         Ice/Summ       58%        N/A       1%          4
 Borgnjor's Vile Clutch   Necr/Erth      45%        N/A       1%          5
 Freezing Cloud           Conj/Ice/Air   40%        6-21      1%          5
 Iskenderun's Battlesphe  Conj           98%        2d14      1%          5
 Conjure Ball Lightning   Conj/Air       42%        3x3d15    1%          6
 Spider Form              Tmut/Pois      36%        N/A       3%          3
 Olgreb's Toxic Radiance  Pois           32%        N/A       3%          4
 Ignition                 Fire           47%        3d13      3%          8
 Call Canine Familiar     Summ           32%        N/A       4%          3
 Confusing Touch          Hex            32%        N/A       4%          3
 Gell's Gravitas          Tloc           32%        N/A       4%          3
 Lesser Beckoning         Tloc           32%        N/A       4%          3
 Summon Guardian Golem    Hex/Summ       32%        N/A       4%          3
 Teleport Other           Tloc           32%        N/A       4%          3
 Tukima's Dance           Hex            32%        N/A       4%          3
 Vampiric Draining        Necr           32%        2d8       4%          3
 Yara's Violent Unravell  Hex/Tmut       18%        3d9       8%          5
 Anguish                  Hex/Necr       16%        N/A       13%         4
 Alistair's Intoxication  Tmut/Pois      24%        N/A       28%         5
 Simulacrum               Ice/Necr       29%        N/A       28%         6
 Fire Storm               Conj/Fire      48%        8d12      30%         9
 Manifold Assault         Tloc           32%        N/A       36%         5
 Summon Forest            Summ/Tloc      16%        N/A       36%         5
 Eringya's Noxious Bog    Tmut/Pois      18%        N/A       36%         6
 Shatter                  Erth           58%        3d44*     41%         9
 Maxwell's Capacitive Co  Air            33%        ∞         75%         8
 Chain Lightning          Conj/Air       42%        3d56      88%         9
 Summon Cactus Giant      Summ           16%        N/A       90%         6
 Polar Vortex             Ice            37%        N/A       99%         9
 Enfeeble                 Hex            16%        N/A       100%        7
 Summon Hydra             Summ           16%        N/A       100%        7


Dungeon Overview and Level Annotations

Branches:
Dungeon (15/15)            Temple (1/1) D:4            Lair (6/6) D:8
 Shoals (1/4) Lair:2        Snake (4/4) Lair:2        Slime (0/5) Lair:6
    Orc (2/2) D:10            Elf (0/3) Orc:2        Vaults (3/5) D:13
  Crypt (0/3) Vaults:3     Depths (0/4) D:15        Ossuary (visited)
  IceCv (visited)

Altars:
Ashenzari
Cheibriados
Dithmenos
Elyvilon
Fedhas
Gozag
Hepliaklqana
Kikubaaqudgha
Makhleb
Nemelex Xobeh
Okawaru
Qazlal
Ru
Sif Muna
Trog
Uskayaw
Vehumet
Wu Jian
Xom
Yredelemnul
Zin
The Shining One
Jiyva

Shops:
D:9 **   Orc:1 !(!(   Orc:2 *[?(   Snake:2 *(   Snake:4 :=:(

Annotations:
D:9 2 transporters, Omnilove's ghost, journeyman MiBe
D:12 1 transporter, Ravvyt Pui's ghost, journeyman TrEE


Innate Abilities, Weirdness & Mutations

You are partially covered in iridescent scales. (AC +2)
You possess an exceptional clarity of mind.
Your body sometimes deteriorates upon taking damage.
Your magical capacity is low. (-10% MP)


Message History

The crystal guardian fires a crystalline bolt at you.
The crystal bolt freezes you! You resist. The crystal bolt freezes you!!
You resist.
* * * LOW HITPOINT WARNING * * *
Your body deteriorates!
You feel clumsy.
Casting: Starburst (safe; 1% risk of failure)
Confirm with . or Enter, or press ? or * to list all spells.
Casting: Starburst (safe; 1% risk of failure)
Press: ? - help, Dir - look around, f - activate The bolt of fire hits the crystal guardian.
The crystal guardian completely resists.
The crystal guardian is almost destroyed.
The bolt of fire hits the peacekeeper!!
The peacekeeper resists.
The peacekeeper is almost destroyed.
Casting: Starburst (safe; 1% risk of failure)
Confirm with . or Enter, or press ? or * to list all spells.
Casting: Starburst (safe; 1% risk of failure)
Press: ? - help, Dir - look around, f - activate The bolt of fire hits the crystal guardian.
The crystal guardian completely resists.
The crystal guardian is almost destroyed.
The bolt of fire hits the peacekeeper!
The peacekeeper resists.
You destroy the peacekeeper!
Vehumet accepts your kill.
You feel your power returning. The crystal guardian barely misses you.
The crystal guardian fires a crystalline bolt at you.
The crystal bolt burns the crystal guardian.
The crystal guardian completely resists.
The crystal bolt burns you! You resist.
* * * LOW HITPOINT WARNING * * *
The crystal bolt misses you.
The crystal bolt burns the crystal guardian.
The crystal guardian completely resists.
Your Shields skill increases to level 6!
You feel better.
The crystal guardian fires a crystalline bolt at you.
The crystal bolt freezes you! You resist.
* * * LOW HITPOINT WARNING * * *
The crystal bolt freezes you! You resist.
You die...

# # # ######### #
#.......# #
#.......# #
#####)##### #
#.........#### #
# #@#######.#..#
# #.
#9#.....).#..# #
#..#9#.....#.#..#
#
#9.'.#.....#.'..#
#
#..#.#.....#.#†.#
#
#..#.#.....#.#..#
# #.
#.###'###.#..# #
## #.........####
# #####'##### #


You could see 2 crystal guardians.

Vanquished Creatures
  A titan (Vaults:3)
  2 sphinxes
  A shadow dragon (shapeshifter) (D:15)
  A storm dragon (Vaults:2)
  The ghost of mistmaker the Stormcaller, an adept TeAE of Vehumet (Lair:2)
  6 nagarajas
  A frost giant (Vaults:3)
  Donald (Orc:2)
  A deep elf sorcerer (Vaults:2)
  A cacodemon (D:15)
  3 very ugly things (Vaults:3)
  The ghost of Quickbrownfox the Thaumaturge, a journeyman DsIE of Vehumet (D:15)
  2 ironbound thunderhulks
  4 ironbound preservers
  A juggernaut skeleton (D:15)
  2 war gargoyles
  A reaper (IceCv)
  A vampire knight (Vaults:3)
  3 dire elephants
  An eidolon (Vaults:3)
  2 crystal guardians
  A deep elf high priest (Vaults:2)
  5 yaktaur captains
  2 great orbs of eyes
  5 boulder beetles
  Fannar (Lair:2)
  4 salamander tyrants
  4 vault guards (D:13)
  2 peacekeepers
  3 ironbound frosthearts
  2 ogre magi (D:15)
  Erica (D:8)
  3 catoblepae (Lair:6)
  3 hydras
  17 anacondas
  9 centaur warriors
  13 naga warriors
  16 two-headed ogres
  A tengu warrior (D:12)
  5 death yaks (Lair:6)
  4 orc high priests (Orc:2)
  10 naga sharpshooters
  A vampire mage (Vaults:3)
  A soul eater (Vaults:3)
  6 shock serpents
  A skeletal warrior (D:15)
  6 salamander mystics
  17 deep trolls
  14 naga ritualists
  A flayed ghost (D:15)
  9 ironbound convokers
  5 wizards
  A deep elf archer (Vaults:2)
  A harpy (shapeshifter) (D:15)
  5 lindwurms
  Pikel (D:5)
  7 orc knights
  A glowing orange brain (D:15)
  9 mana vipers
  A necromancer (D:15)
  4 deep elf zephyrmancers (Vaults:2)
  5 harpies (Vaults:3)
  A deep elf pyromancer (D:13)
  4 cyclopes
  25 ugly things
  A wolf spider (Vaults:2)
  5 manticores
  4 orc sorcerers
  20 salamanders
  A sphinx skeleton (D:15)
  A stone giant skeleton (D:15)
  2 merfolk sirens (Shoals:1)
  Joseph (D:7)
  42 black mambas
  14 naga magi
  14 vault sentinels
  An elephant (Lair:4)
  2 ice statues (IceCv)
  Maurice (D:12)
  A gargoyle (D:13)
  6 guardian serpents
  10 cane toads
  6 rime drakes
  A kobold demonologist (D:12)
  Psyche (D:8)
  A komodo dragon (shapeshifter) (D:12)
  An anaconda simulacrum (IceCv)
  7 ice devils (IceCv)
  15 yaktaurs
  3 tengu conjurers
  9 komodo dragons
  A guardian mummy (D:15)
  A freezing wraith (D:15)
  3 merfolk (Shoals:1)
  A queen bee (shapeshifter) (D:11)
  6 trolls
  A polar bear (Lair:3)
  6 meliai
  A merfolk (shapeshifter) (D:14)
  A wind drake (shapeshifter) (D:15)
  Grinder (D:5)
  18 blink frogs
  Prince Ribbit (D:6)
  38 slime creatures
  A blink frog (shapeshifter) (D:15)
  A dream sheep (Lair:4)
  2 snapping turtles (Shoals:1)
  2 fire elementals
  A shadow (D:13)
  2 basilisks
  6 wyverns
  A vampire (D:11)
  A basilisk (shapeshifter) (D:15)
  2 wraiths
  2 neqoxecs (D:15)
  50 yaks
  2 humans (D:13)
  3 vampire mosquitoes (D:12)
  2 steam dragons
  A steam dragon (shapeshifter) (D:15)
  Edmund (D:5)
  39 nagas
  A hell hound (D:11)
  9 water moccasins
  2 acid dragons
  2 wargs
  A tengu skeleton (D:15)
  4 ice beasts
  3 black bears
  39 orc warriors
  A tengu (shapeshifter) (D:15)
  A black bear (shapeshifter) (D:14)
  A necrophage (D:6)
  15 wolves
  6 boggarts
  An ogre (shapeshifter) (D:15)
  7 ogres
  9 centaurs
  3 lemures (D:5)
  A phantom (D:6)
  5 kobold brigands
  4 elf zombies (Ossuary)
  16 bullfrogs
  5 scorpions
  A cane toad simulacrum (IceCv)
  A two-headed ogre simulacrum (IceCv)
  A water moccasin zombie (D:5)
  A killer bee (shapeshifter) (D:15)
  2 water moccasin skeletons
  2 elephant simulacra (IceCv)
  A killer bee (D:8)
  2 electric eels
  A howler monkey (D:9)
  35 orc priests
  3 hounds (D:5)
  A hound (shapeshifter) (D:15)
  6 jellies
  A centaur skeleton (D:7)
  A human zombie (Ossuary)
  6 centaur zombies
  6 spriggan simulacra (IceCv)
  20 orc wizards
  A scorpion zombie (D:5)
  6 hell rats (Lair:1)
  A wolf simulacrum (IceCv)
  A killer bee zombie (D:5)
  A troll simulacrum (IceCv)
  2 polar bear simulacra (IceCv)
  2 mummies (Ossuary)
  A howler monkey zombie (D:7)
  3 gnolls (Orc:2)
  A howler monkey skeleton (D:4)
  6 adders
  3 naga simulacra (IceCv)
  3 shadow imps
  4 white imps
  2 ufetubi
  An adder zombie (Ossuary)
  A worm (D:4)
  2 dart slugs
  80 orcs
  5 bats
  9 endoplasms
  3 giant cockroaches
  7 goblins
  5 hobgoblins
  4 jackals (D:1)
  8 quokkas
  3 ball pythons
  4 frilled lizards
  A goblin zombie (D:8)
  13 hobgoblin zombies
  3 jackal zombies (Ossuary)
  15 kobolds
  2 kobold skeletons (D:8)
  6 kobold zombies (Ossuary)
  9 orc zombies (Ossuary)
  A rat (D:1)
  A rat zombie (Ossuary)
  A spectral orc (D:3)
1090 creatures vanquished.

Vanquished Creatures (collateral kills)
  Azrael (D:12)
  A dire elephant (Vaults:3)
  A peacekeeper (Vaults:3)
  A fire elemental (D:12)
4 creatures vanquished.

Vanquished Creatures (others)
  A boggart (D:15)
  A giant cockroach (D:3)
  25 fungi
  59 plants
  16 withered plants (D:15)
102 creatures vanquished.

Grand Total: 1196 creatures vanquished

Notes
Turn   | Place    | Note
-------+----------+-------------------------------------------
     0 | D:1      | Elsvaer the Deep Elf Earth Elementalist began the quest for
                  | the Orb.
     0 | D:1      | Reached XP level 1. HP: 10/10 MP: 6/6
   203 | D:1      | Reached XP level 2. HP: 15/15 MP: 5/8
   647 | D:1      | Reached skill level 4 in Spellcasting
   819 | D:1      | Reached XP level 3. HP: 12/19 MP: 10/10
   930 | D:1      | Learned a level 3 spell: Stone Arrow
  1312 | D:2      | Identified the ring "Okipnega" {rF+ rN+}
  1461 | D:2      | Reached skill level 1 in Conjurations
  1493 | D:2      | Found a faded altar of an unknown god.
  1867 | D:2      | Noticed a scorpion
  1899 | D:2      | Killed a scorpion
  1900 | D:2      | Reached XP level 4. HP: 24/24 MP: 9/12
  2616 | D:3      | Noticed a steam dragon
  2630 | D:3      | Killed a steam dragon
  2631 | D:3      | Reached XP level 5. HP: 12/28 MP: 9/14
  3076 | D:3      | Reached XP level 6. HP: 32/32 MP: 12/15
  3166 | D:3      | Found an opulent altar of Gozag.
  3298 | D:3      | Found a basalt altar of Yredelemnul.
  3430 | D:4      | Reached skill level 5 in Spellcasting
  3459 | D:4      | Reached skill level 5 in Conjurations
  3459 | D:4      | Reached skill level 5 in Earth Magic
  3531 | D:4      | Found a sand-covered staircase.
  3568 | Ossuary  | Entered an ossuary
  3950 | Ossuary  | Reached XP level 7. HP: 27/36 MP: 6/17
  3963 | Ossuary  | Reached skill level 6 in Spellcasting
  4872 | D:4      | Found a staircase to the Ecumenical Temple.
  4887 | Temple   | Entered the Ecumenical Temple
  5456 | D:4      | Found a sparkling altar of Nemelex Xobeh.
  5745 | D:5      | Entered Level 5 of the Dungeon
  5836 | D:5      | Reached skill level 7 in Spellcasting
  5932 | D:5      | Reached XP level 8. HP: 41/41 MP: 7/20
  6173 | D:5      | Noticed Pikel
  6622 | D:5      | Noticed Grinder
  6638 | D:5      | Noticed Edmund
  6651 | D:5      | HP: 2/61 [Pikel/+1 whip of freezing (3)]
  6658 | D:5      | Killed Pikel
  6659 | D:5      | Reached skill level 8 in Spellcasting
  6664 | D:5      | Killed Edmund
  6996 | D:5      | Reached skill level 9 in Spellcasting
  7187 | D:5      | Killed Grinder
  7188 | D:5      | Reached XP level 9. HP: 45/45 MP: 14/24
  7777 | D:6      | Identified the amulet "Qaocusu" {RegenMP Drain rN+ Slay+5}
  7812 | D:6      | Noticed Prince Ribbit
  7817 | D:6      | Killed Prince Ribbit
  7866 | D:6      | Reached skill level 10 in Spellcasting
  8931 | D:7      | Noticed Joseph
  8938 | D:7      | Killed Joseph
  9225 | D:7      | Found a radiant altar of Vehumet.
  9301 | D:7      | Became a worshipper of Vehumet
  9551 | D:7      | Found a hazy altar of Hepliaklqana.
  9552 | D:7      | Found a snail-covered altar of Cheibriados.
  9553 | D:7      | Found a glowing silver altar of Zin.
  9553 | D:7      | Found a shimmering blue altar of Sif Muna.
  9553 | D:7      | Found a broken altar of Ashenzari.
 10091 | D:8      | Reached skill level 11 in Spellcasting
 10109 | D:8      | Reached XP level 10. HP: 50/50 MP: 11/27
 10279 | D:8      | Noticed Erica
 10282 | D:8      | Noticed Psyche
 10284 | D:8      | Killed Erica
 10293 | D:8      | Killed Psyche
 10294 | D:8      | Reached skill level 10 in Earth Magic
 10493 | D:8      | Found a glowing golden altar of the Shining One.
 10501 | D:8      | Reached * piety under Vehumet
 10501 | D:8      | Offered knowledge of Shock by Vehumet.
 10860 | D:8      | Noticed a two-headed ogre
 10863 | D:8      | Killed a two-headed ogre
 10864 | D:8      | Reached skill level 10 in Conjurations
 10915 | D:8      | Found a staircase to the Lair.
 11031 | D:8      | Learned a level 5 spell: Lightning Bolt
 11104 | D:8      | Reached skill level 12 in Spellcasting
 11107 | D:8      | Reached skill level 1 in Air Magic
 11110 | D:8      | Reached skill level 1 in Fighting
 11689 | D:9      | Found a transporter.
 11695 | D:9      | Noticed Omnilove's ghost (journeyman MiBe)
 11702 | D:9      | Found Esan's Blasphemy Boutique.
 12106 | D:9      | Found Toafrulu's General Store.
 12312 | D:9      | Found a transporter.
 12681 | D:10     | Entered Level 10 of the Dungeon
 12813 | D:10     | Found a staircase to the Orcish Mines.
 12819 | D:10     | Offered knowledge of Poisonous Vapours by Vehumet.
 12821 | D:10     | Reached ** piety under Vehumet
 12913 | D:10     | Reached XP level 11. HP: 46/58 MP: 17/29
 13176 | D:10     | Noticed a two-headed ogre
 13180 | D:10     | Killed a two-headed ogre
 13788 | D:11     | Learned a level 5 spell: Fireball
 13795 | D:11     | Reached skill level 13 in Spellcasting
 13825 | D:11     | Noticed a boulder beetle
 14373 | D:11     | Killed a boulder beetle
 14374 | D:11     | Reached skill level 1 in Fire Magic
 14426 | D:11     | Found an ornate altar of the Wu Jian Council.
 15899 | D:12     | Offered knowledge of Scorch by Vehumet.
 15996 | D:12     | Noticed a boulder beetle
 16007 | D:12     | Noticed a tengu warrior
 16090 | D:12     | Found a transporter.
 16168 | D:12     | Killed a tengu warrior
 16358 | D:12     | Identified the +6 great mace of the Spheres {holy, Fragile
                  | rC+ Int+4}
 16358 | D:12     | Identified the +8 giant spiked club of Impeachment {vorpal,
                  | rF+ Int+6}
 16358 | D:12     | Noticed a two-headed ogre
 16360 | D:12     | Noticed a two-headed ogre
 16360 | D:12     | Noticed a two-headed ogre
 16361 | D:12     | Noticed a two-headed ogre
 16363 | D:12     | Noticed Ravvyt Pui's ghost (journeyman TrEE)
 16420 | D:12     | Reached skill level 5 in Air Magic
 16785 | D:12     | Reached *** piety under Vehumet
 16829 | D:12     | Noticed a boulder beetle
 16829 | D:12     | Noticed a rakshasa
 16829 | D:12     | Noticed a tengu warrior
 16865 | D:12     | Noticed a centaur warrior
 16878 | D:12     | Noticed a deep elf pyromancer
 16878 | D:12     | Noticed a skeletal warrior
 16882 | D:12     | Noticed a four-headed hydra
 16897 | D:12     | Killed a boulder beetle
 16898 | D:12     | Reached XP level 12. HP: 33/67 MP: 15/31
 17134 | D:12     | Noticed a death knight
 17228 | D:12     | Noticed a two-headed ogre
 17237 | D:12     | Noticed a two-headed ogre
 17255 | D:12     | Noticed Maurice
 17259 | D:12     | Noticed Azrael
 17650 | D:11     | Reached skill level 10 in Fire Magic
 17650 | D:11     | Reached XP level 13. HP: 72/72 MP: 32/32
 17743 | Lair:1   | Entered Level 1 of the Lair of Beasts
 18420 | Lair:1   | Reached skill level 14 in Spellcasting
 18588 | Lair:1   | You fall into a shaft and drop 1 floor!
 18636 | Lair:2   | Noticed Fannar
 18648 | Lair:2   | Killed Fannar
 18679 | Lair:2   | Found a staircase to the Snake Pit.
 18742 | Lair:2   | Found a runed translucent gate.
 18742 | Lair:2   | Found a runed translucent gate.
 18742 | Lair:2   | Found a runed translucent gate.
 18743 | Lair:2   | Noticed mistmaker's ghost (adept TeAE)
 18769 | Lair:2   | Offered knowledge of Frozen Ramparts by Vehumet.
 18770 | Lair:2   | Reached skill level 5 in Fighting
 19465 | Lair:2   | Identified the +9 dagger of Freehold {distort, rF- Dex+4
                  | SInv}
 19553 | Lair:2   | Found a staircase to the Shoals.
 20049 | Lair:2   | Found a viscous altar of Jiyva.
 20733 | Lair:3   | Found a hide-covered altar of Uskayaw.
 20733 | Lair:3   | Found an ornate altar of the Wu Jian Council.
 20822 | Lair:3   | Reached **** piety under Vehumet
 21521 | Lair:3   | Gained mutation: You are partially covered in iridescent
                  | scales. (AC +2) [potion of mutation]
 21521 | Lair:3   | Gained mutation: You possess an exceptional clarity of
                  | mind. [potion of mutation]
 21530 | Lair:3   | Learned a level 7 spell: Orb of Destruction
 22080 | Lair:3   | Offered knowledge of Conjure Flame by Vehumet.
 22692 | Lair:4   | Reached skill level 15 in Spellcasting
 23358 | Lair:5   | Found a frozen archway.
 23401 | IceCv    | Entered an ice cave
 24784 | IceCv    | Noticed a reaper
 24791 | IceCv    | Killed a reaper
 24791 | IceCv    | Reached ***** piety under Vehumet
 24814 | IceCv    | Offered knowledge of Iron Shot by Vehumet.
 24815 | IceCv    | Reached skill level 1 in Shields
 24930 | IceCv    | Reached XP level 14. HP: 42/78 MP: 29/35
 26707 | Lair:6   | Entered Level 6 of the Lair of Beasts
 28413 | Lair:6   | Reached skill level 16 in Spellcasting
 28784 | Lair:6   | Found a viscous altar of Jiyva.
 28786 | Lair:6   | Found a staircase to the Slime Pits.
 30132 | Lair:1   | Offered knowledge of Iskenderun's Mystic Blast by Vehumet.
 30634 | Orc:1    | Entered Level 1 of the Orcish Mines
 30634 | Orc:1    | Found Hilarab's Distillery.
 30856 | Orc:1    | Found Raiprof's Antique Weapon Boutique.
 30878 | Orc:1    | Found Fecvuidd's Weapon Shoppe.
 30902 | Orc:1    | Found Dilixinn's Distillery.
 30915 | Orc:1    | Bought a potion of heal wounds for 75 gold pieces
 30915 | Orc:1    | Bought a potion of heal wounds for 75 gold pieces
 30915 | Orc:1    | Bought a potion of curing for 45 gold pieces
 30915 | Orc:1    | Bought a potion of heal wounds for 75 gold pieces
 31230 | Lair:6   | Identified the +11 rapier of Opujikua {drain, Int+4}
 31351 | Orc:2    | Entered Level 2 of the Orcish Mines
 31785 | Orc:2    | Found a staircase to the Elven Halls.
 31818 | Orc:2    | Noticed Donald
 32489 | Orc:2    | Killed Donald
 33781 | Orc:2    | Reached XP level 15. HP: 82/82 MP: 27/37
 33947 | Orc:2    | Offered knowledge of Starburst by Vehumet.
 34233 | Orc:2    | Reached skill level 17 in Spellcasting
 34365 | Orc:2    | Found Vunicw's Weapon Boutique.
 34365 | Orc:2    | Found Soezod Zavurch's Magic Scroll Boutique.
 34366 | Orc:2    | Found Ydoug's Antique Armour Shop.
 34366 | Orc:2    | Found Padousag's Assorted Antiques.
 34376 | Orc:2    | Bought a shiny helmet for 210 gold pieces
 34377 | Orc:2    | Bought a scroll of summoning for 123 gold pieces
 34518 | D:12     | Killed Azrael
 34529 | D:12     | Killed Maurice
 35981 | D:13     | Found a gate to the Vaults.
 36346 | D:13     | Reached skill level 15 in Conjurations
 38552 | D:14     | Identified a scroll of acquirement
 38552 | D:14     | Acquired the +1 pair of gloves of Servitude {rElec rN+
                  | Int+3}
 38572 | D:14     | Learned a level 7 spell: Ozocubu's Refrigeration
 38599 | D:15     | Entered Level 15 of the Dungeon
 38603 | D:15     | Reached skill level 5 in Dodging
 38945 | D:15     | Found a runed translucent gate.
 38945 | D:15     | Found a runed translucent gate.
 38946 | D:15     | Found a runed translucent gate.
 38971 | D:15     | Found a staircase to the Depths.
 39106 | D:15     | Reached skill level 1 in Ice Magic
 40497 | D:15     | Reached XP level 16. HP: 81/87 MP: 13/39
 40557 | D:15     | Reached skill level 18 in Spellcasting
 40628 | D:15     | Noticed a shadow dragon
 40628 | D:15     | an iron dragon changed into a shadow dragon
 40631 | D:15     | Killed a shadow dragon
 40712 | D:15     | Found a runed translucent gate.
 40712 | D:15     | Found a runed translucent gate.
 40721 | D:15     | Found a runed translucent gate.
 40735 | D:15     | Noticed Quickbrownfox's ghost (journeyman DsIE)
 40781 | D:15     | Learned a level 6 spell: Starburst
 40808 | D:15     | Learned a level 8 spell: Lehudib's Crystal Spear
 41201 | Snake:1  | Entered Level 1 of the Snake Pit
 42233 | Snake:1  | Offered knowledge of Irradiate by Vehumet.
 43196 | Snake:2  | Found a snail-covered altar of Cheibriados.
 43496 | Snake:2  | Found Fallaohal's Antique Weapon Emporium.
 43496 | Snake:2  | Found Cunep's General Store.
 44195 | Snake:3  | Reached skill level 5 in Ice Magic
 45487 | Snake:3  | Offered knowledge of Spellforged Servitor by Vehumet.
 46372 | Snake:4  | Entered Level 4 of the Snake Pit
 46875 | Snake:4  | Found Asteodgh's Book Shoppe.
 46875 | Snake:4  | Found Ovuy's Jewellery Boutique.
 46876 | Snake:4  | Found Ciysilos's Book Shoppe.
 46917 | Snake:4  | Reached XP level 17. HP: 93/93 MP: 18/41
 47297 | Snake:4  | Reached skill level 15 in Fire Magic
 47559 | Snake:4  | Reached skill level 19 in Spellcasting
 48520 | Snake:4  | Reached ****** piety under Vehumet
 48573 | Snake:4  | Found Done's Antique Weapon Shoppe.
 48684 | Snake:4  | Reached skill level 15 in Earth Magic
 49215 | Snake:4  | Offered knowledge of Lee's Rapid Deconstruction by Vehumet.
 49381 | Snake:4  | Got a serpentine rune of Zot
 50016 | Shoals:1 | Entered Level 1 of the Shoals
 50610 | Lair:2   | Killed mistmaker's ghost
 51040 | D:15     | Gained mutation: Your body sometimes deteriorates upon
                  | taking damage. [a neqoxec]
 51134 | D:15     | Killed Quickbrownfox's ghost
 51137 | D:15     | Gained mutation: Your magical capacity is low. (-10% MP) [a
                  | cacodemon]
 51669 | Vaults:1 | Entered Level 1 of the Vaults
 52457 | Vaults:1 | Reached skill level 10 in Dodging
 52902 | Vaults:1 | Reached XP level 18. HP: 89/101 MP: 31/39
 55417 | Vaults:2 | Offered knowledge of Iron Shot by Vehumet.
 55571 | Vaults:2 | Identified the ring of Solyd {rElec rN+ Will+ rCorr Slay-5}
 55606 | Vaults:2 | Learned a level 6 spell: Iron Shot
 55996 | Vaults:2 | Reached skill level 5 in Shields
 55998 | Vaults:2 | Reached skill level 20 in Spellcasting
 59297 | Vaults:3 | Found a staircase to the Crypt.
 59886 | Vaults:3 | Reached XP level 19. HP: 108/108 MP: 24/41
 59965 | Vaults:3 | Killed from afar by a crystal guardian

Illustrated notes

Levels and vault maps discovered:
D:1:      dpeg_arrival_shrine, layout_basic, chequers_garden,
          minmay_splitting_lines
D:2:      minmay_wonky_spiral, layout_basic, serial_forest,
          infiniplex_forest_clump_small, infiniplex_forest_straight_2,
          infiniplex_forest_end_2, infiniplex_forest_clump_C,
          infiniplex_forest_clump_diagonal, infiniplex_forest_clump_curved,
          basic_ecumenical_altar
D:3:      layout_basic, general_overflow_altar,
          yredelemnul_forgotten_temple_becter, kennysheep_generic_room_6
D:4:      layout_basic, nemelex_diamond_rough_becter,
          minmay_temple_entry_gardened_gates,
          nicolae_ossuary_entry_false_entrances, minmay_misc_feat_hallway
D:5:      minmay_clustersquares, layout_basic, serial_bayou_pond_c,
          minmay_a_box_with_orc_wizards_in_it, uniq_edmund, uniq_pikel,
          uniq_grinder
D:6:      layout_cave_pods, uniq_prince_ribbit1
D:7:      layout_loops_ring, grunt_temple_overflow_open,
          nicolae_vehumet_radiance, uniq_joseph
D:8:      layout_loops_corners, nicolae_tso_besieged_by_evil, lair_entry_dummy,
          uniq_psyche, uniq_erica
D:9:      layout_roguey, serial_shops, shop, gammafunk_ghost_stat_death,
          nicolae_evil_shop
D:10:     layout_loops_ring, orc_0_dummy
D:11:     layout_long_grid, chequers_serial_rivers_micro_b,
          chequers_serial_rivers_large_a, nicolae_wu_jian_immortal_techniques
D:12:     minmay_opposing_rooms, layout_irregular_city, gammafunk_ghost_smash,
          minivault_12, uniq_azrael, uniq_maurice
D:13:     layout_irregular_city, grunt_vaults_entry_fortified
D:14:     layout_loops_ring, minmay_door_square, due_unseen_surprise
D:15:     gammafunk_depths_entry_grave, layout_basic,
          ploomutoo_gammafunk_ghost_potion_laboratory, nicolae_benzene_ring
Temple:   minmay_temple_bridge_abc
Lair:1:   layout_cave_pods
Lair:2:   layout_cave_pods, elwin_shoals_entry_rocks,
          guppyfry_snake_entry_garden, gammafunk_ghost_ooze,
          eino_small_chamber_without_monster, serial_bayou_shore_a, uniq_fannar
Lair:3:   layout_layer_cave, nzn_masters_of_martial_movement
Lair:4:   nzn_winding_woodlands_stair_cross
          [nzn_winding_woodlands_5x15_sidewinder,
          nzn_winding_woodlands_center_triple_pond,
          nzn_winding_woodlands_5x15_default,
          nzn_winding_woodlands_5x5_checkerboard,
          nzn_winding_woodlands_5x5_default, nzn_winding_woodlands_5x15_crooked,
          nzn_winding_woodlands_center_diamonds,
          nzn_winding_woodlands_5x15_longhouse], layout_hall_layers
Lair:5:   layout_layer_cave, portal_ice_cave_entry_pillars_2
Lair:6:   evilmike_catoblepas_cave, layout_misc_corridors, slime_altar_1,
          nicolae_quartered_pool_super, serial_bayou_ford_a
Shoals:1: layout_shoals
Snake:1:  layout_rooms, nicolae_snake_boneroom
Snake:2:  layout_basic, basic_altar, minmay_shoptagon
Snake:3:  layout_cave_town, grunt_megastairs_5
Snake:4:  johnstein_snake_rune_scales, layout_cave_town, serial_shops, shop,
          grunt_megastairs_4, minmay_shop_grove
Orc:1:    layout_caves, serial_shops, shop_statue, nicolae_shop_trees, shop,
          shop
Orc:2:    st_orc_pillars, layout_diamond_mine, uniq_donald
Vaults:1: vaults_mumra_lcd, hangedman_vaults_capsules, hangedman_vaults_slither,
          v_misc_8, nicolae_vaults_network_barrier, v_alt_pattern_2, v_misc_8,
          v_misc_10, layout_vaults_quadrants
Vaults:2: ontoclasm_vaults_misaligned, ontoclasm_vaults_misaligned,
          nicolae_vaults_network_star, v_alt_pattern_1,
          vaults_standard_mumra_enter_the_diamond,
          nicolae_vaults_network_square, ontoclasm_vaults_misaligned,
          ontoclasm_vaults_pinch, nicolae_vaults_little_squares_3,
          nicolae_vaults_diagonal_hallway_6, v_misc_8, layout_vaults_big_room
Vaults:3: vaults_room_boxed, v_misc_8, nicolae_vaults_network_s,
          nicolae_vaults_ring_of_whatevers, minmay_crypt_entry_simple_round,
          hangedman_vaults_variations, v_misc_30, ontoclasm_vaults_chip,
          v_alt_pattern_4, vaults_room_guarded_vault,
          nicolae_vaults_diagonal_hallway_6, v_misc_14, vaults_dpeg_ring,
          nicolae_vaults_specimen_jars, hangedman_vaults_slice,
          nicolae_vaults_theta, layout_vaults_maze_bifur

Skill      XL: |  1  2  3  4  5  6  7  8  9 10 11 12 13 14 15 16 17 18 19 |
---------------+----------------------------------------------------------+-----
Spellcasting   | 4 5 7 9 11 12 13 15 16 17 18 19 20 | 20.5
Earth Magic    | 4 5 6 8 9 10 11 12 13 14 15 16 | 16.0
Conjurations   | 3 4 5 6 8 9 10 11 12 13 14 15 16 17 | 17.6
Air Magic      | 3 5 6 |  6.8
Fighting       | 2 4 5 6 7 8 |  8.4
Fire Magic     | 4 10 11 13 14 15 16 | 16.4
Shields        | 1 4 5 6 |  6.0
Dodging        | 6 8 10 | 10.0
Ice Magic      | 3 5 7 9 |  9.4
Stealth        | |  2.4
Transmutations | |  1.1

Action                   |  1- 3 |  4- 6 |  7- 9 | 10-12 | 13-15 | 16-18 | 19-21 || total
-------------------------+-------+-------+-------+-------+-------+-------+-------++-------
Melee: Unarmed           |    23 |       |       |       |       |       |       ||    23
       Staff             |    44 |    84 |   101 |    35 |    50 |    26 |       ||   340
       Punch             |     2 |     1 |     1 |       |       |       |       ||     4
 Cast: Sandblast         |    38 |    59 |    15 |     6 |    34 |       |       ||   152
       Stone Arrow       |       |       |   135 |   203 |   440 |    13 |       ||   791
       Fireball          |       |       |       |    13 |   122 |   127 |       ||   262
       Lightning Bolt    |       |       |       |    14 |    30 |     4 |       ||    48
       Orb of Destructio |       |       |       |       |   277 |   203 |       ||   480
       Starburst         |       |       |       |       |       |    57 |     3 ||    60
       Lehudib's Crystal |       |       |       |       |       |   152 |       ||   152
       Iron Shot         |       |       |       |       |       |   103 |     5 ||   108
Evoke: Lightning rod     |       |       |       |       |       |     1 |       ||     1
       Phantom mirror    |       |       |       |       |       |     1 |       ||     1
  Use: Potion            |     2 |       |     8 |    12 |     8 |    16 |     1 ||    47
       Scroll            |     1 |     4 |    12 |    14 |    20 |     9 |       ||    60
 Stab: Sleeping          |     1 |       |       |       |       |       |       ||     1
Armor: Robe              |    24 |     8 |       |       |       |       |       ||    32
       Steam dragon scal |       |    64 |    59 |    93 |   189 |   125 |       ||   530
       Skin              |       |       |    18 |       |     4 |       |       ||    22
Dodge: Dodged            |    40 |   102 |    82 |   112 |   262 |   235 |     5 ||   838
Block: Buckler           |       |       |       |       |    25 |   110 |       ||   135
